 Dungeon Crawl Stone Soup version 0.21-a0-1-gaf3b9a5 (webtiles) character file.

151 turnburgler the Conjurer (level 5, -2/32 HPs)
             Began as a Gargoyle Conjurer on May 20, 2017.
             Slain by a red devil
             ... wielding a +0 trident
             ... summoned by the capriciousness of Xom
              (3 damage)
             ... on level 3 of the Dungeon.
             The game lasted 00:19:11 (2226 turns).

turnburgler the Conjurer (Gargoyle Conjurer)        Turns: 2226, Time: 00:19:12

Health: -2/32      AC:  9    Str: 11    XL:     5   Next: 33%
Magic:  13/18      EV: 11    Int: 16    God:    Xom [.*....]
Gold:   140        SH:  0    Dex: 11    Spells: 8/9 levels left

rFire    . . .     SeeInvis .   x - staff of energy
rCold    . . .     Gourm    .   (no shield)
rNeg     + + .     Faith    .   s - +0 ring mail {MR+}
rPois    ∞         Spirit   .   (no helmet)
rElec    +         Reflect  .   (no cloak)
rCorr    .         Harm     .   (no gloves)
MR       +....                  (no boots)
Stlth    +.........             (no amulet)
Regen    0.1/turn               l - ring of positive energy
MPRegen  0.2/turn               q - ring of magical power

@: very slightly contaminated
A: negative energy resistance 1, electricity resistance, unbreathing,
petrification resistance, rot immunity, AC +4
a: Renounce Religion


You were on level 3 of the Dungeon.
You worshipped Xom.
You were a plaything of Xom.
You were not hungry.

You visited 1 branch of the dungeon, and saw 3 of its levels.

You collected 140 gold pieces.

Inventory:

Missiles
 d - 3 curare-tipped needles
 m - 6 needles of sleeping
Armour
 a - a +0 robe
 s - a +0 ring mail of magic resistance (worn)
Magical Staves
 x - an uncursed staff of energy (weapon)
Jewellery
 l - a ring of positive energy (left hand)
 q - a ring of magical power (right hand)
Scrolls
 e - 2 scrolls of amnesia {unknown}
 h - 4 scrolls of identify {unknown}
 i - a scroll of magic mapping {unknown}
 p - a scroll of enchant armour {unknown}
 t - 2 scrolls of remove curse {unknown}
 w - a scroll of recharging {unknown}
Potions
 f - a potion of lignification {unknown}
 g - a potion of flight {unknown}
 n - a potion of resistance {unknown}
 o - a potion of curing {unknown}
 r - 2 potions of degeneration {unknown}
 u - a potion of agility {unknown}
 v - a potion of brilliance {unknown}
Books
 b - a book of Conjurations

   Spells                             Type                      Level
   a - Magic Dart                     Conjuration                  1
   b - Searing Ray                    Conjuration                  2
   c - Dazzling Spray                 Conjuration/Hexes            3
   d - Fulminant Prism                Conjuration/Hexes            4
   e - Force Lance                    Conjuration/Translocation    4
   f - Iskenderun's Mystic Blast      Conjuration                  4
Comestibles
 c - 2 bread rations
 j - a royal jelly
 k - a meat ration


   Skills:
 * Level 3.1 Fighting
 + Level 0.0 Staves
 + Level 1.3 Armour
 * Level 2.5 Dodging
 - Level 2.1 Stealth
 * Level 2.9 Spellcasting
 - Level 4.4 Conjurations


You had 8 spell levels left.
You knew the following spells:

 Your Spells              Type           Power        Failure   Level  Hunger
a - Magic Dart            Conj           ###.         7%          1    None


Dungeon Overview and Level Annotations

Branches:
Dungeon (3/15)

Altars:
Sif Muna
Xom
Zin

Shops:
D:2 *


Innate Abilities, Weirdness & Mutations

You are resistant to torment.
Your stone body is resilient. (AC +4)
You are immune to poison.
You resist negative energy. (rN+)
You are resistant to electric shocks. (rElec)
You can survive without breathing.
You are immune to petrification.
You are immune to rotting.


Message History

The red devil hits you from afar with a trident!
* * * LOW HITPOINT WARNING * * *
Casting: Magic Dart
Confirm with . or Enter, or press ? or * to list all spells.
Aiming: Magic Dart
Press: ? - help, Shift-Dir - straight line, f/p - red devil
Aim: a red devil, wielding a trident (moderately wounded, summoned)
The magic dart hits the red devil.
The red devil is moderately wounded.
The red devil barely misses you.
A bat comes into view.
The bat hits you but does no damage. The bat hits you but does no damage.
The red devil hits you from afar with a trident.
* * * LOW HITPOINT WARNING * * *
The bat barely misses you. The bat hits you but does no damage.
The red devil hits you from afar with a trident.
You die... "What!?
That's it?"

#.#..........#..........
#.#.#####..###....#.####
#.#..........#.##.#.#
#.#.#.###..#^#.##.#.###
#..........#..........#
#.###.#.#.##...#.#.###....#
#..............###........#
#........4.....#.#.##.....#
##.####...b@.....#........#
#. #...)....#.#.##.##### #
####....#...#.#....# #
#.......#...#.#..#.# #
###.#####.......#.#..### ###
#...............#.#..######..
#######.....#.#...#..#....#.#
#..)........#.....#..#....#.#
#.####..#...#.....#..#....#.#


You could see a red devil and a bat.

Vanquished Creatures
  Jessica (D:2)
  6 adders
  3 dart slugs
  An orc (D:3)
  2 giant cockroaches
  10 goblins
  7 hobgoblins
  6 jackals (D:3)
  6 kobolds
  9 bats
  3 frilled lizards
  9 rats
63 creatures vanquished.

Notes
Turn   | Place    | Note
-------+----------+-------------------------------------------
     0 | D:1      | turnburgler the Gargoyle Conjurer began the quest for the Orb.
     0 | D:1      | Reached XP level 1. HP: 10/10 MP: 3/3
   190 | D:1      | Reached skill level 1 in Fighting
   190 | D:1      | Reached XP level 2. HP: 16/16 MP: 1/5
   666 | D:1      | Reached XP level 3. HP: 16/21 MP: 2/6
   923 | D:2      | Found a shimmering altar of Xom.
   926 | D:2      | Became a worshipper of Xom of Chaos
  1006 | D:2      | Found Zin's Purification Station.
  1007 | D:2      | Found a glowing silver altar of Zin.
  1209 | D:2      | Reached XP level 4. HP: 6/26 MP: 0/7
  1252 | D:2      | Noticed Jessica
  1253 | D:2      | XOM: potion effect (heal wounds)
  1265 | D:2      | Killed Jessica
  1265 | D:2      | Reached skill level 1 in Armour
  1406 | D:2      | Found a deep blue altar of Sif Muna.
  1716 | D:3      | Reached XP level 5. HP: 31/32 MP: 1/9
  2016 | D:3      | XOM is BORED!
  2016 | D:3      | XOM: mild Air miscast
  2032 | D:3      | XOM: god gift: thin runed staff {god gift}
  2200 | D:3      | XOM: medium Summ miscast
  2201 | D:3      | Noticed a red devil
  2224 | D:3      | HP: 1/32 [red devil/trident[the capriciousness of Xom] (5)]
  2226 | D:3      | Slain by a red devil

Vault maps used:
D:1:      erik_arrival_cave_to_civilisation
D:2:      minmay_door_path, lemuel_doored_altar, zin_purify, led_sif_pool,
          uniq_jessica

Skill      XL: |  1  2  3  4  5 |
---------------+----------------+-----
Fighting       | 1 2 3 |  3.1
Dodging        | 2 |  2.5
Armour         | 1 |  1.3
Stealth        | |  2.1
Spellcasting   | |  2.9
Conjurations   | |  4.4

Action                   |  1- 3 |  4- 6 || total
-------------------------+-------+-------++-------
Melee: Unarmed           |    94 |   107 ||   201
 Cast: Magic Dart        |    65 |    62 ||   127
Evoke: Staff of energy   |       |     1 ||     1
 Stab: Sleeping          |     3 |       ||     3
  Eat: Chunk             |     2 |     4 ||     6
Armor: Robe              |    30 |       ||    30
       Ring mail         |     7 |    60 ||    67
Dodge: Dodged            |    87 |    86 ||   173
